HBL
ROCHESTER RED WINGS @ BROOKLYN CYCLONES
07/09/1997
 
TOP OF THE 1ST
Rochester Red Wings batting - Pitching for Brooklyn Cyclones : RHP Brian Barber
Pitching: RHP Brian Barber
Batting: RHB Terrell Lowery 0-0: Ball
1-0: Ball
2-0: Fly out, F7 (Flyball, 7D, EV 96.9 MPH)
Batting: RHB Damon Mashore 0-0: Ball
1-0: Called Strike
1-1: Ball
2-1: Called Strike
2-2: Ball
3-2: SINGLE (Flyball, 89S, EV 91.9 MPH)
Batting: RHB Rich Aurilia 0-0: Called Strike
0-1: Ball
1-1: Ball
2-1: Called Strike
2-2: DOUBLE (Line Drive, 9LD, EV 107.5 MPH)
Damon Mashore to third
Runner from 3rd tries for Home, SAFE, throw by RF to home
Batting: LHB Tom Lampkin 0-0: Foul Ball, location: 2F
0-1: Called Strike
0-2: DOUBLE (Flyball, 8LXD, EV 89.4 MPH)
Rich Aurilia scores
Batting: RHB Darren Reed 0-0: SINGLE (Flyball, 9S, EV 86.3 MPH)
Tom Lampkin to third
Runner from 3rd tries for Home, SAFE, throw by RF to home
Batting: LHB Kevin Koslofski 0-0: Foul Ball, location: 2F
0-1: Ball
1-1: Ball
2-1: Fielders Choice at 2nd, 1-6 (Groundball, 13, EV 79.4 MPH)
Pitching: RHP Manny Aybar
Batting: RHB Tim Unroe 0-0: Ball
1-0: Called Strike
1-1: Swinging Strike
1-2: 2-RUN HOME RUN (Flyball, 7D, EV 91.9 MPH), Distance : 367 ft
Batting: RHB Rex Hudler 0-0: Called Strike
0-1: Foul Ball, location: 2F
0-2: Foul Ball, location: 2F
0-2: Ball
1-2: Strikes out swinging, 2-3 out at first.
Top of the 1st over - 5 runs, 5 hits, 0 errors, 0 left on base; Rochester 5 - Brooklyn 0
BOTTOM OF THE 1ST
Brooklyn Cyclones batting - Pitching for Rochester Red Wings : RHP Wade Taylor
Pitching: RHP Wade Taylor
Batting: RHB Onix Concepcion 0-0: Swinging Strike
0-1: Swinging Strike
0-2: Foul Ball, location: 2F
0-2: Ball
1-2: Ball
2-2: Ball
3-2: Foul Ball, location: 2F
3-2: SINGLE (Groundball, 34D, EV 102.5 MPH)
Batting: LHB Ray Giannelli 0-0: Ball
1-0: Called Strike
1-1: Swinging Strike
1-2: Ball
2-2: Strikes out swinging
Batting: RHB Jed Hansen 0-0: Called Strike
0-1: Ball
1-1: Ball
2-1: Ball
3-1: SINGLE (Groundball, 34D, EV 105.0 MPH)
Onix Concepcion to second
Runner from 2nd tries for 3rd, SAFE, throw by RF made to third
Batting: SHB Turner Ward 0-0: Called Strike
0-1: Ball
1-1: Fly out, F2 (Popup, 2R, EV 91.3 MPH)
Batting: LHB Greg Blosser 0-0: Ball
1-0: Ball
2-0: Swinging Strike
2-1: Swinging Strike
2-2: Foul Ball, location: 2F
2-2: Strikes out swinging
Bottom of the 1st over - 0 runs, 2 hits, 0 errors, 2 left on base; Rochester 5 - Brooklyn 0
TOP OF THE 2ND
Rochester Red Wings batting - Pitching for Brooklyn Cyclones : RHP Manny Aybar
Batting: RHB Tripp Cromer 0-0: SOLO HOME RUN (Line Drive, 7D, EV 109.4 MPH), Distance : 389 ft
Batting: RHB Terrell Lowery 0-0: Ball
1-0: Ball
2-0: Called Strike
2-1: SINGLE (Line Drive, 89S, EV 96.9 MPH)
Batting: RHB Damon Mashore 0-0: Ball
1-0: Ball
2-0: Called Strike
2-1: Foul Ball, location: 2F
2-2: Ball
3-2: Base on Balls
Terrell Lowery to second
Pitching: LHP Zane Smith
Batting: RHB Rich Aurilia 0-0: Called Strike
0-1: Swinging Strike
0-2: Strikes out looking
Batting: LHB Tom Lampkin 0-0: Fly out, F7 (Flyball, 7S, EV 93.1 MPH)
Batting: RHB Darren Reed 0-0: Ball
1-0: Called Strike
1-1: Foul Ball, location: 2F
1-2: Ground out 5-3 (Groundball, 56S, EV 81.3 MPH)
Top of the 2nd over - 1 run, 2 hits, 0 errors, 2 left on base; Rochester 6 - Brooklyn 0
BOTTOM OF THE 2ND
Brooklyn Cyclones batting - Pitching for Rochester Red Wings : RHP Wade Taylor
Batting: RHB Pedro Castellano 0-0: Ball
1-0: Foul Ball, location: 2F
1-1: Ground out 4-3 (Groundball, 34, EV 105.0 MPH)
Batting: LHB Joe Siddall 0-0: Ball
1-0: Swinging Strike
1-1: Called Strike
1-2: Ball
2-2: SINGLE (Flyball, 89S, EV 99.4 MPH)
Batting: RHB Mike R. Fitzgerald 0-0: Called Strike
0-1: Ball
1-1: Ball
2-1: Swinging Strike
2-2: Ball
3-2: Ground out 5-3 (Groundball, 56, EV 90.6 MPH)
Joe Siddall to second
Batting: RHB Kevin Flora 0-0: Ball
1-0: SINGLE (Groundball, 56D, EV 101.9 MPH)
Joe Siddall to third
Runner from 3rd tries for Home, SAFE, throw by LF to home
Batting: RHB Onix Concepcion 0-0: Ball
1-0: Called Strike
1-1: Foul Ball, location: 2F
1-2: Ball
2-2: Strikes out swinging
Bottom of the 2nd over - 1 run, 2 hits, 0 errors, 1 left on base; Rochester 6 - Brooklyn 1
TOP OF THE 3RD
Rochester Red Wings batting - Pitching for Brooklyn Cyclones : LHP Zane Smith
Batting: LHB Kevin Koslofski 0-0: Ball
1-0: Ball
2-0: Ball
3-0: Base on Balls
Batting: RHB Tim Unroe 0-0: Called Strike
0-1: Foul Ball, location: 2F
0-2: Ball
1-2: Foul Ball, location: 2F
1-2: Ball
2-2: Fly out, F8 (Flyball, 8RD, EV 95.6 MPH)
Batting: RHB Rex Hudler 0-0: Ball
1-0: Foul Ball, location: 2F
1-1: Ball
2-1: SINGLE (Line Drive, 89S, EV 91.9 MPH)
Kevin Koslofski to second
Runner from 2nd tries for 3rd, SAFE, throw by RF made to third
Pitching: RHP Todd Erdos
Batting: RHB Tripp Cromer 0-0: Ball
1-0: Ball
Passed Ball!
Kevin Koslofski scores
Rex Hudler to second
2-0: Fly out, F5 (Line Drive, 5, EV 69.4 MPH)
Batting: RHB Terrell Lowery 0-0: Ball
1-0: SINGLE (Groundball, 4D, EV 102.5 MPH)
Rex Hudler to third
Runner from 3rd tries for Home, SAFE, no throw by CF
Batting: RHB Damon Mashore 0-0: SINGLE (Line Drive, 56, EV 95.6 MPH)
Terrell Lowery to second
Batting: RHB Rich Aurilia 0-0: DOUBLE (Line Drive, 7LS, EV 95.0 MPH)
Terrell Lowery scores
Damon Mashore to third
Runner from 3rd tries for Home, SAFE, throw by LF to home
Batting: LHB Tom Lampkin 0-0: Called Strike
0-1: Ball
1-1: Ground out 4-3 (Groundball, 4, EV 95.6 MPH)
Top of the 3rd over - 4 runs, 4 hits, 0 errors, 1 left on base; Rochester 10 - Brooklyn 1
BOTTOM OF THE 3RD
Brooklyn Cyclones batting - Pitching for Rochester Red Wings : RHP Wade Taylor
Batting: LHB Ray Giannelli 0-0: Ground out 6-3 (Groundball, 6MS, EV 93.8 MPH)
Batting: RHB Jed Hansen 0-0: Ball
1-0: Ball
2-0: Foul Ball, location: 2F
2-1: Foul Ball, location: 2F
2-2: Ball
3-2: Strikes out swinging
Batting: SHB Turner Ward 0-0: Called Strike
0-1: Called Strike
0-2: Strikes out swinging
Bottom of the 3rd over - 0 runs, 0 hits, 0 errors, 0 left on base; Rochester 10 - Brooklyn 1
TOP OF THE 4TH
Rochester Red Wings batting - Pitching for Brooklyn Cyclones : RHP Todd Erdos
Batting: RHB Darren Reed 0-0: Ground out 6-3 (Groundball, 6, EV 92.5 MPH)
Batting: LHB Kevin Koslofski 0-0: Foul Ball, location: 2F
0-1: Ball
1-1: Ball
2-1: Called Strike
2-2: Foul Ball, location: 2F
2-2: Ball
3-2: Strikes out swinging
Batting: RHB Tim Unroe 0-0: Called Strike
0-1: Ball
1-1: Foul Ball, location: 2F
1-2: SINGLE (Flyball, 7LM, EV 90.6 MPH)
Pitching: RHP Curt Lyons
Batting: RHB Rex Hudler 0-0: Ball
1-0: 2-RUN HOME RUN (Flyball, 7D, EV 93.1 MPH), Distance : 376 ft
Batting: RHB Tripp Cromer 0-0: Ball
1-0: Swinging Strike
1-1: Ball
2-1: Fly out, F7 (Line Drive, 7, EV 85.0 MPH)
Top of the 4th over - 2 runs, 2 hits, 0 errors, 0 left on base; Rochester 12 - Brooklyn 1
BOTTOM OF THE 4TH
Brooklyn Cyclones batting - Pitching for Rochester Red Wings : RHP Wade Taylor
Batting: LHB Greg Blosser 0-0: Fly out, F6 (Popup, 6M, EV 70.0 MPH)
Batting: RHB Pedro Castellano 0-0: Ball
1-0: Foul Ball, location: 2F
1-1: Called Strike
1-2: Fly out, F7 (Line Drive, 7D, EV 85.6 MPH)
Batting: LHB Joe Siddall 0-0: Ball
1-0: SINGLE (Flyball, 78M, EV 91.9 MPH)
Batting: RHB Mike R. Fitzgerald 0-0: Ground out 6-3 (Groundball, 6, EV 83.1 MPH)
Bottom of the 4th over - 0 runs, 1 hit, 0 errors, 1 left on base; Rochester 12 - Brooklyn 1
TOP OF THE 5TH
Rochester Red Wings batting - Pitching for Brooklyn Cyclones : RHP Curt Lyons
Batting: RHB Terrell Lowery 0-0: Foul Ball, location: 2F
0-1: Ball
1-1: Ground out 6-3 (Groundball, 6, EV 83.1 MPH)
Batting: RHB Damon Mashore 0-0: Ball
1-0: Ball
2-0: Ball
3-0: Base on Balls
Batting: RHB Rich Aurilia 0-0: Called Strike
0-1: Ball
1-1: SINGLE (Flyball, 8RS, EV 91.9 MPH)
Damon Mashore to second
Batting: LHB Tom Lampkin 0-0: Ball
Passed Ball!
Damon Mashore to third
Rich Aurilia to second
1-0: Foul Ball, location: 2F
1-1: Ball
2-1: SINGLE (Groundball, 5D, EV 95.0 MPH)
Damon Mashore scores
Rich Aurilia to third
Pitching: RHP Mike Glendenning
Batting: RHB Darren Reed 0-0: Foul Ball, location: 2F
0-1: Ball
Wild Pitch!
Rich Aurilia scores
Tom Lampkin to second
1-1: Ball
2-1: Called Strike
2-2: SINGLE (Groundball, 56D, EV 105.6 MPH)
Tom Lampkin to third
Batting: LHB Kevin Koslofski 0-0: Called Strike
0-1: Swinging Strike
0-2: Ball
1-2: Strikes out swinging
Batting: RHB Tim Unroe 0-0: Ball
1-0: Foul Ball, location: 2F
1-1: Foul Ball, location: 2F
1-2: Ball
2-2: Ball
3-2: Base on Balls
Darren Reed to second
Batting: RHB Rex Hudler 0-0: Ground out 5-3 (Groundball, 56S, EV 66.9 MPH)
Top of the 5th over - 2 runs, 3 hits, 0 errors, 3 left on base; Rochester 14 - Brooklyn 1
BOTTOM OF THE 5TH
Brooklyn Cyclones batting - Pitching for Rochester Red Wings : RHP Wade Taylor
Batting: RHB Kevin Flora 0-0: Ball
1-0: Ball
2-0: Ball
3-0: Called Strike
3-1: Fly out, F7 (Flyball, 7S, EV 88.8 MPH)
Batting: RHB Onix Concepcion 0-0: Called Strike
0-1: Ground out 5-3 (Groundball, 56S, EV 66.9 MPH)
Batting: LHB Ray Giannelli 0-0: Ball
1-0: Called Strike
1-1: Swinging Strike
1-2: Ground out 4-3 (Groundball, 4, EV 86.9 MPH)
Bottom of the 5th over - 0 runs, 0 hits, 0 errors, 0 left on base; Rochester 14 - Brooklyn 1
TOP OF THE 6TH
Rochester Red Wings batting - Pitching for Brooklyn Cyclones : RHP Mike Glendenning
Batting: RHB Tripp Cromer 0-0: Ball
1-0: Ball
2-0: Foul Ball, location: 2F
2-1: DOUBLE (Line Drive, 3D, EV 96.9 MPH)
Batting: RHB Terrell Lowery 0-0: Ball
1-0: Swinging Strike
1-1: Foul Ball, location: 2F
1-2: SINGLE (Groundball, 6MD, EV 105.6 MPH)
Tripp Cromer to third
Batting: RHB Damon Mashore 0-0: Ball
1-0: Called Strike
1-1: Ball
2-1: Swinging Strike
2-2: Foul Ball, location: 2F
2-2: Strikes out swinging
Batting: RHB Rich Aurilia 0-0: Ball
1-0: Ball
2-0: Ball
3-0: Base on Balls
Terrell Lowery to second
Batting: LHB Tom Lampkin 0-0: Ball
1-0: Foul Ball, location: 2F
1-1: Ball
2-1: Foul Ball, location: 2F
2-2: Strikes out looking
Batting: RHB Darren Reed 0-0: Ball
1-0: Ball
2-0: Ball
3-0: Base on Balls
Tripp Cromer scores
Terrell Lowery to third
Rich Aurilia to second
Batting: LHB Kevin Koslofski 0-0: Ball
1-0: Ball
2-0: Ball
3-0: Base on Balls
Terrell Lowery scores
Rich Aurilia to third
Darren Reed to second
Pitching: RHP Tim Belk
Batting: RHB Tim Unroe 0-0: Called Strike
0-1: Ball
1-1: Fly out, F9 (Flyball, 9LSF, EV 86.9 MPH)
Top of the 6th over - 2 runs, 2 hits, 0 errors, 3 left on base; Rochester 16 - Brooklyn 1
BOTTOM OF THE 6TH
Brooklyn Cyclones batting - Pitching for Rochester Red Wings : RHP Wade Taylor
Batting: RHB Jed Hansen 0-0: Ball
1-0: Ball
2-0: Foul Ball, location: 2F
2-1: Foul Ball, location: 2F
2-2: Foul Ball, location: 2F
2-2: Strikes out swinging
Batting: SHB Turner Ward 0-0: Called Strike
0-1: Ball
1-1: Foul Ball, location: 2F
1-2: Strikes out swinging
Batting: LHB Greg Blosser 0-0: Swinging Strike
0-1: Ball
1-1: Ball
2-1: Ground out 1-3 (Groundball, 34S, EV 81.9 MPH)
Bottom of the 6th over - 0 runs, 0 hits, 0 errors, 0 left on base; Rochester 16 - Brooklyn 1
TOP OF THE 7TH
Rochester Red Wings batting - Pitching for Brooklyn Cyclones : RHP Tim Belk
Batting: RHB Rex Hudler 0-0: Called Strike
0-1: Called Strike
0-2: Hit by Pitch
Batting: RHB Tripp Cromer 0-0: Ball
1-0: Ball
2-0: Called Strike
2-1: Foul Ball, location: 2F
2-2: Foul Ball, location: 2F
2-2: Ball
3-2: Foul Ball, location: 2F
3-2: Base on Balls
Rex Hudler to second
Batting: RHB Terrell Lowery 0-0: Foul Ball, location: 2F
0-1: Fly out, F8 (Flyball, 8LD, EV 98.8 MPH)
Batting: RHB Damon Mashore 0-0: Swinging Strike
0-1: Ball
1-1: Foul Ball, location: 2F
1-2: Foul Ball, location: 2F
1-2: Foul Ball, location: 2F
1-2: Strikes out looking
Pinch Hitting: RHB Scott Sheldon 0-0: Ball
1-0: Foul Ball, location: 2F
1-1: Ball
Wild Pitch!
Rex Hudler to third
Tripp Cromer to second
2-1: Ground out 1-3 (Groundball, 25, EV 81.3 MPH)
Top of the 7th over - 0 runs, 0 hits, 0 errors, 2 left on base; Rochester 16 - Brooklyn 1
BOTTOM OF THE 7TH
Brooklyn Cyclones batting - Pitching for Rochester Red Wings : RHP Wade Taylor
Now at 3B: Scott Sheldon
Batting: RHB Pedro Castellano 0-0: Called Strike
0-1: Ball
1-1: Ball
2-1: Ball
3-1: Foul Ball, location: 2F
3-2: SINGLE (Line Drive, 78S, EV 96.9 MPH)
Batting: LHB Joe Siddall 0-0: Ball
1-0: Ball
2-0: Ball
3-0: Called Strike
3-1: Called Strike
3-2: Strikes out looking
Batting: RHB Mike R. Fitzgerald 0-0: Ball
1-0: Ball
2-0: SINGLE (Groundball, 6MD, EV 101.3 MPH)
Pedro Castellano to second
Batting: RHB Kevin Flora 0-0: Foul Ball, location: 2F
0-1: Ball
1-1: Ball
2-1: Ball
3-1: Base on Balls
Pedro Castellano to third
Mike R. Fitzgerald to second
Batting: RHB Onix Concepcion 0-0: Ball
1-0: Ball
2-0: Fly out, F8 (Line Drive, 8LM, EV 92.5 MPH)
Runner from 3rd tags up, SCORES, throw by CF
Mike R. Fitzgerald to third
Batting: LHB Ray Giannelli 0-0: Ball
1-0: Ball
2-0: SINGLE (Groundball, 3D, EV 94.4 MPH)
Mike R. Fitzgerald scores
Kevin Flora to second
Batting: RHB Jed Hansen 0-0: Ball
1-0: Called Strike
1-1: DOUBLE (Flyball, 89XD, EV 101.3 MPH)
Kevin Flora scores
Ray Giannelli to third
Batting: SHB Turner Ward 0-0: Foul Ball, location: 2F
0-1: Ball
Wild Pitch!
Ray Giannelli scores
Jed Hansen to third
1-1: Foul Ball, location: 2F
1-2: Fly out, F9 (Flyball, 89S, EV 80.6 MPH)
Bottom of the 7th over - 4 runs, 4 hits, 0 errors, 1 left on base; Rochester 16 - Brooklyn 5
TOP OF THE 8TH
Rochester Red Wings batting - Pitching for Brooklyn Cyclones : RHP Tim Belk
Batting: LHB Tom Lampkin 0-0: Foul Ball, location: 2F
0-1: Called Strike
0-2: Hit by Pitch
Batting: RHB Darren Reed 0-0: Ball
1-0: DOUBLE (Line Drive, 3D, EV 93.8 MPH)
Tom Lampkin to third
Runner from 3rd tries for Home, SAFE, throw by RF to trailing runner, SAFE at third!
Batting: LHB Kevin Koslofski 0-0: Ball
1-0: Called Strike
1-1: Ground out 6-3 (Groundball, 6S, EV 90.6 MPH)
Darren Reed scores
Batting: RHB Tim Unroe 0-0: Foul Ball, location: 2F
0-1: Foul Ball, location: 2F
0-2: Ball
1-2: Ball
2-2: Ball
3-2: Foul Ball, location: 2F
3-2: SINGLE (Groundball, 4MD, EV 95.0 MPH)
Batting: RHB Rex Hudler 0-0: Foul Ball, location: 2F
0-1: 2-RUN HOME RUN (Line Drive, 7LD, EV 100.0 MPH), Distance : 346 ft
Pitching: LHP Mike A. Bell
Batting: RHB Tripp Cromer 0-0: Ball
1-0: Called Strike
1-1: SOLO HOME RUN (Flyball, 9LD, EV 104.4 MPH), Distance : 344 ft
Batting: RHB Terrell Lowery 0-0: Swinging Strike
0-1: SINGLE (Groundball, 56D, EV 95.0 MPH)
Batting: RHB Damon Mashore 0-0: Ball
1-0: Called Strike
1-1: Hit by Pitch
Terrell Lowery to second
Batting: RHB Scott Sheldon 0-0: Swinging Strike
0-1: Foul Ball, location: 2F
0-2: Ball
1-2: Ball
2-2: Foul Ball, location: 2F
2-2: SINGLE (Groundball, 3D, EV 98.8 MPH)
Terrell Lowery to third
Damon Mashore to second
Runner from 3rd tries for Home, SAFE, throw by RF to home
Batting: LHB Tom Lampkin 0-0: Ball
1-0: Ball
2-0: Foul Ball, location: 2F
2-1: Swinging Strike
2-2: Foul Ball, location: 2F
2-2: Ball
3-2: Foul Ball, location: 2F
3-2: SINGLE (Groundball, 34S, EV 88.8 MPH) (infield hit)
Damon Mashore to third
Scott Sheldon to second
Batting: RHB Darren Reed 0-0: Swinging Strike
0-1: Ball
1-1: Ball
2-1: Ball
3-1: Base on Balls
Damon Mashore scores
Scott Sheldon to third
Tom Lampkin to second
Batting: LHB Kevin Koslofski 0-0: Foul Ball, location: 2F
0-1: Foul Ball, location: 2F
0-2: SINGLE (Groundball, 4MD, EV 100.0 MPH)
Scott Sheldon scores
Tom Lampkin to third
Darren Reed to second
Runner from 3rd tries for Home, SAFE, throw by CF to home
Pitching: RHP Alan Cockrell
Batting: RHB Tim Unroe 0-0: Called Strike
0-1: Ball
1-1: Ball
2-1: Foul Ball, location: 2F
2-2: Fly out, F9 (Flyball, 89D, EV 90.6 MPH)
Runner from 2nd tags up, SAFE at 3rd, no throw by RF
Batting: RHB Rex Hudler 0-0: Ball
1-0: Swinging Strike
1-1: Ball
2-1: Ball
3-1: Called Strike
3-2: Base on Balls
Kevin Koslofski to second
Batting: RHB Tripp Cromer 0-0: Ball
1-0: Ball
2-0: Ball
3-0: Called Strike
3-1: Base on Balls
Darren Reed scores
Kevin Koslofski to third
Rex Hudler to second
Batting: RHB Terrell Lowery 0-0: Ball
1-0: Ball
2-0: Foul Ball, location: 2F
2-1: Ball
3-1: Base on Balls
Kevin Koslofski scores
Rex Hudler to third
Tripp Cromer to second
Batting: RHB Damon Mashore 0-0: SINGLE (Line Drive, 34D, EV 106.3 MPH)
Rex Hudler scores
Tripp Cromer to third
Terrell Lowery to second
Runner from 3rd tries for Home, SAFE, no throw by RF
Batting: RHB Scott Sheldon 0-0: Foul Ball, location: 2F
0-1: Ball
1-1: Called Strike
1-2: Ground out 4-3 (Groundball, 34, EV 92.5 MPH)
Top of the 8th over - 13 runs, 9 hits, 0 errors, 2 left on base; Rochester 29 - Brooklyn 5
BOTTOM OF THE 8TH
Brooklyn Cyclones batting - Pitching for Rochester Red Wings : RHP Wade Taylor
Pitching: LHP Brad Woodall
Batting: LHB Greg Blosser 0-0: Ball
1-0: Fly out, F4 (Line Drive, 4, EV 66.3 MPH)
Batting: RHB Pedro Castellano 0-0: Ball
1-0: Called Strike
1-1: Swinging Strike
1-2: Foul Ball, location: 2F
1-2: Strikes out swinging
Batting: LHB Joe Siddall 0-0: Ball
1-0: Ball
2-0: Foul Ball, location: 2F
2-1: Swinging Strike
2-2: Ball
3-2: Strikes out swinging
Bottom of the 8th over - 0 runs, 0 hits, 0 errors, 0 left on base; Rochester 29 - Brooklyn 5
TOP OF THE 9TH
Rochester Red Wings batting - Pitching for Brooklyn Cyclones : RHP Alan Cockrell
Batting: LHB Tom Lampkin 0-0: Swinging Strike
0-1: Foul Ball, location: 2F
0-2: Strikes out swinging
Batting: RHB Darren Reed 0-0: Fly out, F3 (Popup, 3SF, EV 87.5 MPH)
Batting: LHB Kevin Koslofski 0-0: Ball
1-0: Ball
2-0: Ball
3-0: Base on Balls
Batting: RHB Tim Unroe 0-0: Ball
1-0: Foul Ball, location: 2F
1-1: Ball
2-1: Ball
3-1: Foul Ball, location: 2F
3-2: Foul Ball, location: 2F
3-2: Strikes out swinging
Top of the 9th over - 0 runs, 0 hits, 0 errors, 1 left on base; Rochester 29 - Brooklyn 5
BOTTOM OF THE 9TH
Brooklyn Cyclones batting - Pitching for Rochester Red Wings : LHP Brad Woodall
Batting: RHB Mike R. Fitzgerald 0-0: Ball
1-0: Ground out 4-3 (Groundball, 4, EV 90.0 MPH)
Batting: RHB Kevin Flora 0-0: Ball
1-0: Called Strike
1-1: SOLO HOME RUN (Flyball, 7D, EV 103.8 MPH), Distance : 372 ft
Batting: RHB Onix Concepcion 0-0: Fly out, F8 (Line Drive, 8RD, EV 90.0 MPH)
Batting: LHB Ray Giannelli 0-0: Ball
1-0: SOLO HOME RUN (Flyball, 9LD, EV 96.3 MPH), Distance : 357 ft
Batting: RHB Jed Hansen 0-0: Ball
1-0: Foul Ball, location: 2F
1-1: Fly out, F8 (Flyball, 8LD, EV 101.3 MPH)
Bottom of the 9th over - 2 runs, 2 hits, 0 errors, 0 left on base; Rochester 29 - Brooklyn 7
Friday, March 6th, 2026 - OOTP Baseball 20.8 Build 74